 Dungeon Crawl Stone Soup version 0.23-a0-389-g4a5eb33 (webtiles) character file.

1036 GizzardofKazz the Magician (level 8, -12/57 HPs)
             Began as a Black Draconian Wizard on Oct 30, 2018.
             Mangled by Prince Ribbit (15 damage)
             ... on level 5 of the Dungeon.
             The game lasted 00:27:58 (7179 turns).

GizzardofKazz the Magician (Black Draconian Wizard) Turns: 7179, Time: 00:28:00

Health: -12/57     AC:  7    Str:  9    XL:     8   Next: 3%
Magic:  14/18      EV: 11    Int: 21    God:
Gold:   192        SH:  3    Dex: 10    Spells: 11/20 levels left

rFire    . . .     SeeInvis +   i - +0 dagger
rCold    . . .     Gourm    .   l - +0 buckler
rNeg     . . .     Faith    .   (armour unavailable)
rPois    .         Spirit   .   a - +0 hat
rElec    +         Reflect  .   (no cloak)
rCorr    .         Harm     .   (no gloves)
MR       .....                  x - +0 pair of boots
Stlth    ++........             z - amulet of magic regeneration
HPRegen  0.19/turn              n - ring of see invisible
MPRegen  0.41/turn              (no ring)

@: no status effects
A: breathe lightning, unfitting armour, electricity resistance, cold-blooded, AC
+6
a: Breathe Lightning


You were on level 5 of the Dungeon.
You were not hungry.

You visited 1 branch of the dungeon, and saw 5 of its levels.

You collected 192 gold pieces.

Inventory:

Hand Weapons
 i - a +0 dagger (weapon)
Armour
 a - a +0 hat (worn)
 l - a +0 buckler (worn)
 x - a +0 pair of boots (worn)
Jewellery
 n - a ring of see invisible (left hand)
 u - an uncursed amulet of faith
 z - an amulet of magic regeneration (around neck)
Wands
 q - a wand of enslavement (4)
 v - a wand of acid (10)
 A - a wand of disintegration (13)
Scrolls
 d - a scroll of fog {unknown}
 f - 2 scrolls of amnesia
 h - a scroll of identify
 k - a scroll of noise {unknown}
 m - a scroll of remove curse {unknown}
 o - 2 scrolls of enchant armour
 p - a scroll of blinking {unknown}
 t - 2 scrolls of magic mapping {unknown}
 y - a scroll of enchant weapon {unknown}
Potions
 b - a potion of flight
 g - 2 potions of degeneration {unknown}
 w - 2 potions of lignification {unknown}
Comestibles
 c - 16 rations
 j - 5 chunks of flesh


   Skills:
 - Level 1.7 Dodging
 - Level 1.7 Stealth
 + Level 6.7 Spellcasting
 + Level 6.6 Conjurations
   Level 1.0 Summonings
   Level 1.0 Translocations


You had 11 spell levels left.
You knew the following spells:

 Your Spells              Type           Power        Failure   Level  Hunger
a - Magic Dart            Conj           ####         1%          1    None
b - Mephitic Cloud        Conj/Pois/Air  ###.....     19%         3    #......
c - Conjure Flame         Conj/Fire      ###.....     12%         3    #......
d - Slow                  Hex            #.......     22%         2    None

Your spell library contained the following spells:

 Spells                   Type           Power        Failure   Level  Hunger
 Blink                    Tloc           N/A          16%         2    None
 Call Imp                 Summ           ##......     16%         2    None


Dungeon Overview and Level Annotations

Branches:
Dungeon (5/15)
 Temple: D:4-7

Altars:

Annotations:
D:5 Prince Ribbit


Innate Abilities, Weirdness & Mutations

You can breathe wild blasts of lightning.
Your glossy black scales are hard. (AC +6)
You cannot fit into any form of body armour.
You are resistant to electric shocks. (rElec)
You are cold-blooded and may be slowed by cold attacks.


Message History

Casting: Magic Dart (safe; 1% risk of failure)
Confirm with . or Enter, or press ? or * to list all spells.
Aiming: Magic Dart (safe; 1% risk of failure)
Press: ? - help, Shift-Dir - straight line, f/p - Prince Ribbit
Aim: Prince Ribbit (heavily wounded)
The magic dart hits Prince Ribbit.
Prince Ribbit is heavily wounded.
Prince Ribbit barely misses you.
Casting: Magic Dart (safe; 1% risk of failure)
Confirm with . or Enter, or press ? or * to list all spells.
Aiming: Magic Dart (safe; 1% risk of failure)
Press: ? - help, Shift-Dir - straight line, f/p - Prince Ribbit
Aim: Prince Ribbit (heavily wounded)
The magic dart hits Prince Ribbit.
Prince Ribbit is severely wounded.
Prince Ribbit casts a spell.
Prince Ribbit looks slightly unstable.
Prince Ribbit croaks regally.
Prince Ribbit hits you!
You die...

≈<.≈≈≈≈≈# #.##..## .
.[(≈≈≈≈≈. ##......##$.
≈.$≈≈≈≈≈≈ #....#.....#
≈.≈≈≈≈≈≈≈≈ #.##.....##
♣.(≈≈≈≈≈≈≈ #.##...#..#
(<.≈≈≈≈≈≈.. #..#.......#
...≈≈≈≈≈≈≈.##.##..###...#
≈.≈#≈≈≈≈≈≈.....).## ##.#
#.≈≈#≈≈≈≈.##..##@# #
$.≈(≈≈≈≈.....###F#
.[.#≈≈≈≈.(..#.))(#
#≈##≈≈e$......####
≈≈≈≈≈...#...###
≈.≈≈.......## ....###.#
.## #..# #.##


You could see Prince Ribbit.

Vanquished Creatures
  Duvessa (D:5)
  An ogre (D:4)
  A centaur (D:5)
  Blork the orc (D:4)
  Dowan (D:5)
  A scorpion (D:4)
  2 water moccasin skeletons (D:5)
  A gnoll shaman (D:5)
  A hound (D:4)
  2 orc priests (D:4)
  An iguana (D:4)
  A worker ant (D:4)
  An orc wizard (D:4)
  Robin (D:2)
  4 gnolls
  10 adders
  6 worms
  10 dart slugs
  10 leopard geckos
  8 orcs
  5 ball pythons (D:2)
  7 bats
  4 giant cockroaches
  15 goblins
  8 hobgoblins
  14 jackals
  12 kobolds
  5 quokkas
  3 frilled lizards
  2 rats (D:2)
139 creatures vanquished.

Notes
Turn   | Place    | Note
-------+----------+-------------------------------------------
     0 | D:1      | GizzardofKazz the Draconian Wizard began the quest for the
                  | Orb.
     0 | D:1      | Reached XP level 1. HP: 14/14 MP: 4/4
   295 | D:1      | Reached XP level 2. HP: 20/20 MP: 0/6
  1112 | D:1      | Reached XP level 3. HP: 26/26 MP: 4/8
  1724 | D:2      | Learned a level 3 spell: Mephitic Cloud
  1728 | D:2      | Learned a level 3 spell: Conjure Flame
  1733 | D:2      | Learned a level 2 spell: Slow
  2101 | D:2      | Reached XP level 4. HP: 33/33 MP: 5/9
  2413 | D:2      | Noticed Robin
  2506 | D:2      | Killed Robin
  2901 | D:2      | Reached XP level 5. HP: 38/38 MP: 5/11
  4882 | D:4      | Reached skill level 5 in Spellcasting
  4882 | D:4      | Reached XP level 6. HP: 45/45 MP: 5/13
  5341 | D:4      | Reached skill level 5 in Conjurations
  5599 | D:4      | Your scales start taking on a glossy black colour.
  5599 | D:4      | Reached XP level 7. HP: 50/50 MP: 9/15
  5599 | D:4      | Gained mutation: You are resistant to electric shocks.
                  | (rElec) [Black Draconian growth]
  5859 | D:4      | Noticed Blork the orc
  5871 | D:4      | Killed Blork the orc
  6186 | D:5      | Entered Level 5 of the Dungeon
  6286 | D:5      | Noticed Duvessa
  6286 | D:5      | Noticed Dowan
  6289 | D:5      | Noticed Prince Ribbit
  6513 | D:5      | HP: 2/50 [dart slug/slug dart (5)]
  6892 | D:5      | Killed Duvessa
  6894 | D:5      | HP: 2/50 [Dowan/stone arrow (11)]
  6903 | D:5      | Killed Dowan
  7147 | D:5      | Reached XP level 8. HP: 12/57 MP: 13/18
  7176 | D:5      | HP: 2/57 [Prince Ribbit (3)]
  7179 | D:5      | Mangled by Prince Ribbit

Vault maps used:
D:1:      scummos_arrival_gate, kennysheep_small_spiral
D:2:      minmay_snake_closets, uniq_robin
D:4:      first_ration, uniq_blork_the_orc
D:5:      kennysheep_slugbush, uniq_prince_ribbit1, uniq_duvessa

Skill      XL: |  1  2  3  4  5  6  7 |
---------------+----------------------+-----
Conjurations   | 2 3 4 5 6 |  6.6
Spellcasting   | 4 5 6 |  6.7
Dodging        | |  1.7
Stealth        | |  1.7
Summonings     | |  1.0
Translocations | |  1.0

Action                   |  1- 3 |  4- 6 |  7- 9 || total
-------------------------+-------+-------+-------++-------
Melee: Unarmed           |    33 |       |       ||    33
       Dagger            |    21 |    63 |     4 ||    88
       Tailslap          |     6 |     1 |     1 ||     8
 Cast: Magic Dart        |    82 |   207 |   156 ||   445
       Mephitic Cloud    |       |       |     2 ||     2
 Abil: Breathe Lightning |       |       |     1 ||     1
  Use: Potion            |       |     7 |     3 ||    10
       Scroll            |       |       |     6 ||     6
 Stab: Invisible         |       |     2 |       ||     2
  Eat: Chunk             |     4 |     9 |     6 ||    19
Armor: Skin              |    28 |    39 |    15 ||    82
Dodge: Dodged            |    64 |    83 |    48 ||   195
Block: Buckler           |     2 |    17 |     9 ||    28

Table legend:
 A = Non-vault XP
 B = Vault XP
 C = Vault XP percentage of total XP
 D = Non-vault monster count
 E = Vault monster count
 F = Vault count percentage of total count
                 A         B        C        D         E       F
            +---------+---------+-------+---------+---------+-------
      Total |    1016 |     464 |  31.4 |     106 |      33 |  23.7
            +---------+---------+-------+---------+---------+-------
        D:1 |      44 |       0 |   0.0 |      16 |       0 |   0.0
        D:2 |      75 |     134 |  64.1 |      25 |      24 |  49.0
        D:3 |      70 |       0 |   0.0 |      29 |       0 |   0.0
        D:4 |     474 |      90 |  16.0 |      26 |       1 |   3.7
        D:5 |     353 |     240 |  40.5 |      10 |       8 |  44.4
            +---------+---------+-------+---------+---------+-------
